 Dungeon Crawl Stone Soup version 0.27-a0-1200-g94dc6ad4cf (webtiles) character file.

Game seed: 4410488137167333408

453 quinnr the Fighter (level 7, -3/67 HPs)
             Began as a Djinni Air Elementalist on May 31, 2021.
             Slain by a two-headed ogre
             ... wielding a +0 giant club
              (22 damage)
             ... on level 5 of the Dungeon.
             The game lasted 00:14:10 (6723 turns).

quinnr the Fighter (Djinni Air Elementalist)        Turns: 6723, Time: 00:14:11

Health: -3/67      AC:  3    Str:  7    XL:     7   Next: 26%
Gold:   137        EV: 12    Int: 19    God:
                   SH:  0    Dex: 13

rFire    + + .     SeeInvis .   q - +2 dagger (drain)
rCold    x . .     Faith    .   (no shield)
rNeg     . . .     Spirit   .   a - +0 robe
rPois    ∞         Reflect  .   (no helmet)
rElec    .         Harm     .   i - +0 cloak
rCorr    .         Rampage  .   (no gloves)
Will     .....                  (boots unavailable)
Stlth    ++........             (no amulet)
HPRegen  0.21/turn              (no ring)
MPRegen  0.00/turn              (no ring)

@: swift (expiring), flying, very quick
A: sickness immunity, fire resistance 2, cold vulnerability 1, float, innate
caster, hp casting, extra vitality 1
a: no special abilities


You were on level 5 of the Dungeon.
You visited 1 branch of the dungeon, and saw 5 of its levels.

You collected 137 gold pieces.

Inventory:

Hand Weapons
 q - a +2 dagger of draining (weapon)
Missiles
 o - 9 poisoned darts
Armour
 a - a +0 robe (worn)
 i - a +0 cloak (worn)
Jewellery
 c - a ring of protection from fire
Wands
 j - a wand of iceblast (12)
 k - a wand of paralysis (3)
 l - a wand of flame (20)
Scrolls
 b - 3 scrolls of teleportation
 d - a scroll of acquirement {unknown}
 e - a scroll of enchant weapon {unknown}
 f - 2 scrolls of noise
 h - a scroll of fog {unknown}
 m - 2 scrolls of identify
 n - a scroll of immolation
 p - a scroll of enchant armour {unknown}
Potions
 g - a potion of lignification


   Skills:
 - Level 12.0 Fighting
 - Level 0.4 Throwing
 - Level 2.1 Dodging
 - Level 2.3 Stealth
 * Level 3.9 Spellcasting


You couldn't memorise any spells.
You knew the following spells:

 Your Spells              Type           Power      Damage    Failure   Level
a - Shock                 Conj/Air       72%        1d7       2%          1
b - Static Discharge      Conj/Air       18%        N/A       4%          2
c - Swiftness             Air            18%        N/A       9%          3
d - Airstrike             Air            9%         N/A       26%         4
e - Lightning Bolt        Conj/Air       9%         1d21      58%         5
f - Corona                Hex            20%        N/A       2%          1
g - Blink                 Tloc           N/A        N/A       4%          2
h - Wereblood             Tmut           18%        N/A       4%          2
Your spell library was empty.

Dungeon Overview and Level Annotations

Branches:
Dungeon (5/15)
 Temple: D:4-7

Altars:
Ashenzari

Shops:
D:3 :


Innate Abilities, Weirdness & Mutations

You are immune to sickness and miasma.
You are immune to poison.
Your flesh is very heat resistant. (rF++)
You are vulnerable to cold. (rC-)
You float through the air rather than walking.
You learn spells naturally, not from books.
Your magical power is your life essence.
You have superior vitality. (+4 HP)


Message History

The zap hits the two-headed ogre.
The two-headed ogre is lightly wounded.
The zap hits the two-headed ogre.
The two-headed ogre is moderately wounded.
You start to feel a little slower.
Casting: Shock (safe; 2% risk of failure)
Confirm with . or Enter, or press ? or * to list all spells.
The two-headed ogre is struck by an arc of lightning!
The two-headed ogre is moderately wounded.
The lightning grounds out.
The two-headed ogre closely misses you. The two-headed ogre barely misses you.
Unknown command.
Casting: Static Discharge (safe; 4% risk of failure)
Confirm with . or Enter, or press ? or * to list all spells.
The two-headed ogre is struck by an arc of lightning.
The two-headed ogre is moderately wounded.
You are struck by an arc of lightning.
The lightning grounds out.
Unknown command.
Casting: Static Discharge (safe; 4% risk of failure)
Confirm with . or Enter, or press ? or * to list all spells.
The two-headed ogre is struck by an arc of lightning.
The two-headed ogre is heavily wounded.
You are struck by an arc of lightning.
The lightning grounds out.
The two-headed ogre barely misses you.
The two-headed ogre hits you with a +0 giant spiked club!!
Casting: Static Discharge (safe; 4% risk of failure)
Confirm with . or Enter, or press ? or * to list all spells.
The two-headed ogre is struck by an arc of lightning!
The two-headed ogre is heavily wounded.
You are struck by an arc of lightning.
The lightning grounds out.
The two-headed ogre completely misses you.
The two-headed ogre misses you.
Casting: Static Discharge (safe; 4% risk of failure)
Confirm with . or Enter, or press ? or * to list all spells.
The two-headed ogre is struck by an arc of lightning.
The two-headed ogre is severely wounded.
The lightning grounds out.
* * * LOW HITPOINT WARNING * * *
The two-headed ogre hits you with a +0 giant club!!
You die...

########
#<.....#
######.#
#.# #.#
#.# ###
#.#####.#
#...@O..#
#######.#
########.#
#.S...##O#
#.##.#
#....#
######


You could see a two-headed ogre.

Vanquished Creatures
  Ijyb (D:4)
  An iguana (D:4)
  3 orc wizards (D:4)
  5 adders
  2 worms (D:2)
  3 dart slugs
  9 orcs
  6 endoplasms
  3 giant cockroaches
  8 goblins
  11 hobgoblins
  7 jackals
  5 kobolds
  5 quokkas
  4 ball pythons
  8 bats
  4 frilled lizards
  7 rats
92 creatures vanquished.

Notes
Turn   | Place    | Note
-------+----------+-------------------------------------------
     0 | D:1      | quinnr the Djinni Air Elementalist began the quest for the
                  | Orb.
     0 | D:1      | Reached XP level 1. HP: 15/15 MP: 0/0
   195 | D:1      | Reached skill level 1 in Fighting
   480 | D:1      | Reached XP level 2. HP: 20/22 MP: 0/0
   700 | D:1      | quinnr: ??shock
   700 | D:1      | beem: shock[1/1]: Level 1 conjuration/air spell which fires
                  | a weak bolt of lightning. It's still lightning though -
                  | prepare for {bolt bouncing} (and exploit it, if possible)
                  | To-hit: 8+power/7.
   700 | D:1      | quinnr: ??air elementalist
   700 | D:1      | beem: air elementalist[1/1]: Starts with skill in
                  | conjurations and air magic, plus a {book of Air}. See {bolt
                  | bouncing}.
   700 | D:1      | quinnr: ??bolt bouncing
   700 | D:1      | beem: bolt bouncing[1/4]: You can watch an amazing,
                  | narrated demonstration on {FooTV} with the following
                  | command: !lg Mayhem 686 -tv:<2 Note: weaker in 0.6+.>
                  | ERROR: string above had unterminated tag
   700 | D:1      | quinnr: ??bolt bouncing[2
   700 | D:1      | beem: bolt bouncing[2/4]: For a dramatic demonstration: !lg
                  | Ahrin KoCK place=zot:1 -tv
   700 | D:1      | quinnr: ??bolt bouncing[3
   700 | D:1      | beem: trizap[1/2]: aye, you gotta bounce those bolts,
                  | trizap the fool, or you end up dead like a dolt, with your
                  | blood in a pool
   700 | D:1      | quinnr: ??bolt bouncing[4
   700 | D:1      | beem: bolt bouncing[4/4]: More bouncing hilarity: !lg nht
                  | NaAs 1 place=tomb -tv
   876 | D:1      | Reached XP level 3. HP: 16/28 MP: 0/0
   876 | D:1      | Learned a level 1 spell: Corona
  1014 | D:1      | quinnr: ??static discharge
  1014 | D:1      | beem: static discharge[1/2]: Hits between 1 and 8 adjacent
                  | enemies, based on power; if an enemy is rElec, skip them.
                  | For each target hit, if power remains, recursively arc out
                  | to another adjacent target (includes you, but for low
                  | damage), reducing power to 1/2 or 1/3. Checks rElec when
                  | hitting you. Hits invisible and flying enemies.
  1172 | D:1      | Reached skill level 2 in Fighting
  2582 | D:2      | Reached XP level 4. HP: 28/34 MP: 0/0
  3112 | D:2      | Reached skill level 3 in Fighting
  3761 | D:2      | Reached XP level 5. HP: 39/40 MP: 0/0
  3761 | D:2      | Learned a level 2 spell: Blink
  4334 | D:3      | Found a broken altar of Ashenzari.
  4518 | D:3      | Found Tucemut's Book Emporium.
  4564 | D:3      | Found a faded altar of an unknown god.
  4828 | D:3      | quinnr: ??corona
  4828 | D:3      | beem: corona[1/1]: Outlines the target in light, making
                  | them easier to hit (by boosting your to-hit randomly
                  | between 2 and 9). Makes invisible things (temporarily)
                  | visible. Tastes less pissy with a wedge of lime. Don't
                  | leave it in direct sunlight.
  4828 | D:3      | quinnr: ??to-hit
  4828 | D:3      | beem: to-hit ~ to hit[1/6]: The ability to hit things and
                  | not miss them. For players: see {accuracy[2]} for player
                  | accuracy and {accuracy[3]} for monster accuracy. The value
                  | used is called mhit, and {test_hit} actually decides if a
                  | hit occurs based on that value.
  4828 | D:3      | quinnr: ??spell accuracy
  4828 | D:3      | beem: spell accuracy[1/1]: Determined by spell power, just
                  | like damage. Not affected by slaying, but affected by
                  | amulet of inaccuracy. For hit chance vs monster EV at a
                  | given spell power for a range of spells, see
                  | https://anydice.com/program/17f2e
  5239 | D:4      | HP: 5/60 [orc wizard/magic dart (2)]
  5243 | D:4      | HP: 1/60 [orc wizard/puff of flame (2)]
  5245 | D:4      | Reached skill level 12 in Fighting
  5245 | D:4      | Reached XP level 6. HP: 2/61 MP: 0/0
  5247 | D:4      | Reached XP level 7. HP: 1/67 MP: 0/0
  5247 | D:4      | Learned a level 2 spell: Wereblood
  5822 | D:4      | Noticed Ijyb
  5957 | D:4      | Paralysed by Ijyb for 7 turns
  5967 | D:4      | Killed Ijyb
  6680 | D:5      | Entered Level 5 of the Dungeon
  6706 | D:5      | Noticed a two-headed ogre
  6723 | D:5      | Slain by a two-headed ogre

Illustrated notes

Levels and vault maps discovered:
D:1:      dpeg_arrival_erosion, layout_basic
D:2:      cheibrodos_helix_gallery, layout_loops_corners
D:3:      layout_rooms, nicolae_ashenzari_panopticon, serial_shops, shop_statue,
          shapermc_ecumenical_altar_hornbeckon, small_statue_intersection,
          amcnicky_mini_corridor_feature
D:4:      layout_basic, uniq_ijyb
D:5:      layout_basic, minmay_temple_entry_junction, uniq_blork_the_orc,
          uniq_sigmund

Skill      XL: |  1  2  3  4  5 |
---------------+----------------+-----
Fighting       | 1 2 3 12 | 12.0
Spellcasting   | 3 |  3.9
Stealth        | 2 |  2.3
Throwing       | |  0.4
Dodging        | |  2.1

Action                   |  1- 3 |  4- 6 |  7- 9 || total
-------------------------+-------+-------+-------++-------
Melee: Unarmed           |     5 |     3 |       ||     8
Throw: Dart              |       |     2 |     1 ||     3
 Cast: Shock             |    82 |    92 |    26 ||   200
       Static Discharge  |     6 |    15 |    12 ||    33
       Corona            |       |     2 |     2 ||     4
       Swiftness         |       |     1 |     1 ||     2
       Wereblood         |       |       |     1 ||     1
  Use: Potion            |       |     3 |       ||     3
       Scroll            |       |     1 |     2 ||     3
Armor: Robe              |     6 |     2 |     1 ||     9
       Skin              |       |    10 |       ||    10
Dodge: Dodged            |    10 |    16 |    10 ||    36

Table legend: (Time is in decaauts)
 A = Elapsed time spent in this place.
 B = Non-inter-level travel time spent in this place.
 C = Inter-level travel time spent in this place.
 D = Time resting spent in this place.
 E = Time spent auto-exploring this place.
 F = Levels seen in this place.
 G = Mean time per level.
                   A        B        C        D        E       F      G
               +--------+--------+--------+--------+--------+-----+--------+
         Total |   6702 |   6456 |    246 |   1560 |   4301 |   5 | 1340.4 |
       Dungeon |   6702 |   6456 |    246 |   1560 |   4301 |   5 | 1340.4 |
               +--------+--------+--------+--------+--------+-----+--------+

Top non-repeatable levels by time:
     D:2: 2340 daAuts
     D:1: 1901 daAuts
     D:4: 1804 daAuts
     D:3: 616 daAuts
     D:5: 40 daAuts
